Map: Lerilak Crest

Players

Reality

  • Race: Terran Terran
  • League: Master

HyuN - Winner!

  • Race: Zerg Zerg
  • League: Master

Event: Team Gravity's Fight Night #37

VOD

https://youtu.be/dH7_hsdymMo?t=40m20s

Description

Time

  • Played on: Oct. 31, 2015, 8:24 p.m.
  • Length: 6:55

All games in this series

Show
View Real Time Build Order
Export as new Build Order

Reality Terran 

Build Orders:  

Get SALT Encoding   

  12  0:00  SCV  
  13  0:12  SCV  
  14  0:17  Supply Depot  
  14  0:25  SCV  
  15  0:32  Refinery  
  15  0:39  SCV  
  16  0:43  Barracks  
  16  0:51  SCV  
  17  1:00  Barracks  
  17  1:03  SCV  
  18  1:15  SCV  
  19  1:21  Barracks  
  19  1:31  Reaper  
  20  1:33  Supply Depot  
  20  1:43  Orbital Command  
  20  1:48  Reaper  
  20  1:53  Refinery  
  21  2:03  Reaper  
  22  2:09  SCV  
  22  2:11  Reaper  
  24  2:19  Supply Depot  
  24  2:21  SCV  
  25  2:25  Reaper  
  26  2:33  SCV  
  26  2:35  Reaper  
  28  2:45  SCV  
  28  2:49  Reaper  
  30  2:58  SCV, Reaper  
  32  3:04  Supply Depot  
  32  3:07  Reaper  
  32  3:10  SCV  
  33  3:22  SCV  
  34  3:30  Reaper  
  34  3:34  SCV  
  34  3:35  Reaper  
  34  3:40  Command Center  
  35  3:46  SCV  
  35  3:54  Reaper  
  32  3:58  SCV  
  32  4:05  Factory  
  31  4:10  SCV  
  31  4:12  Reaper x2  
  34  4:22  SCV  
  35  4:27  Command Center, Reaper  
  35  4:29  Supply Depot  
  36  4:34  SCV  
  37  4:38  Supply Depot  
  37  4:44  Reaper x2  
  39  4:46  SCV  
  39  4:49  Hellion  
  39  4:52  Orbital Command  
  42  4:57  Supply Depot  
  42  4:59  SCV, Reaper  
  44  5:10  Hellion  
  44  5:11  SCV  
  47  5:14  Orbital Command  
  47  5:16  Reaper  
  47  5:17  Reaper  
  49  5:23  SCV  
  49  5:26  Supply Depot  
  50  5:31  Hellion, Reaper  
  53  5:36  SCV  
  53  5:40  SCV  
  53  5:42  Orbital Command  
  55  5:43  Refinery  
  55  5:48  Bunker  
  55  5:49  Reaper  
  57  5:50  Barracks Tech Lab  
  57  5:52  SCV x2  
  57  5:54  Supply Depot  
  57  5:55  Factory Tech Lab  
  58  6:00  Supply Depot  
  59  6:04  SCV x2  
  59  6:09  Marine  
  59  6:10  Marine  
  62  6:18  SCV x3  
  65  6:20  Siege Tank, Marine  
  69  6:27  Marine x2  
  69  6:30  SCV  
  72  6:34  SCV x2  
  57  6:42  SCV  
Show
View Real Time Build Order
Export as new Build Order

HyuN Zerg - Winner!

Build Orders: Hatch First 

Get SALT Encoding   

  12  0:00  Drone  
  13  0:12  Overlord  
  13  0:16  Drone  
  14  0:30  Drone x2  
  14  0:34  Drone  
  17  0:50  Hatchery  
  17  0:54  Drone  
  17  0:58  Drone  
  18  1:08  Extractor  
  17  1:13  Spawning Pool  
  17  1:15  Drone  
  17  1:18  Drone  
  18  1:28  Drone  
  19  1:38  Overlord  
  19  2:00  Zergling x2, Queen  
  19  2:01  Zergling x2  
  23  2:03  Queen  
  23  2:04  Drone  
  23  2:08  Metabolic Boost  
  26  2:11  Drone  
  26  2:13  Zergling x2  
  28  2:32  Drone  
  28  2:33  Drone  
  28  2:35  Queen  
  28  2:36  Zergling x2  
  32  2:41  Queen  
  34  2:46  Overlord  
  33  2:57  Overlord  
  32  3:02  Zergling x6  
  30  3:20  Zergling x14  
  30  3:21  Zergling x2  
  37  3:28  Queen  
  37  3:29  Queen  
  37  3:33  Zergling x4  
  40  3:53  Drone  
  40  3:54  Drone  
  40  3:55  Drone  
  41  3:56  Drone  
  41  3:59  Drone  
  41  4:00  Drone x4  
  41  4:01  Drone  
  48  4:07  Queen  
  50  4:12  Drone x2  
  52  4:26  Hatchery  
  52  4:27  Overlord  
  52  4:31  Baneling Nest, Drone  
  51  4:33  Drone  
  52  4:44  Overlord  
  52  4:45  Overlord, Extractor  
  51  4:46  Drone  
  51  4:47  Drone x3  
  55  4:53  Drone  
  55  4:54  Drone x2  
  55  4:58  Drone  
  58  5:08  Zergling x2  
  58  5:12  Zergling x8  
  63  5:18  Zergling x8  
  67  5:25  Overlord  
  67  5:26  Evolution Chamber  
  67  5:28  Evolution Chamber  
  65  5:32  Zergling x2  
  66  5:44  Drone  
  66  5:45  Drone x3  
  66  5:47  Drone x3  
  66  5:49  Drone  
  74  5:54  Lair  
  74  5:55  Drone  
  76  5:57  Drone  
  76  5:58  Hatchery  
  75  6:06  Drone  
  75  6:07  Drone x3  
  75  6:10  Drone x2  
  81  6:14  Baneling x7  
  81  6:15  Zergling x4  
  83  6:19  Zergling x4  
  78  6:37  Zergling x16  

Tags
 
Add a new tag
Caveats
  • Supply blocks, unpowered buildings, or Contaminate may cause inaccurate times.
  • Supply counts are checked every 10 seconds.